 Dungeon Crawl Stone Soup version 0.27.1-3-gb3d3a73c9e (webtiles) character file.

Game seed: 16914414712450732852

1622 Destapler the Protected (level 8, -7/74 HPs)
             Began as a Minotaur Fighter on Oct 22, 2021.
             Was an Initiate of the Shining One.
             Mangled by a manticore (8 damage)
             ... on level 7 of the Dungeon.
             The game lasted 00:08:26 (3867 turns).

Destapler the Protected (Minotaur Fighter)          Turns: 3867, Time: 00:08:28

Health: -7/74      AC:  8    Str: 23    XL:     8   Next: 65%
Magic:  7/7        EV: 12    Int:  5    God:    the Shining One [......]
Gold:   202        SH: 11    Dex: 10    Spells: 7/7 levels left

rFire    . . .     SeeInvis .   a - +0 war axe
rCold    . . .     Faith    .   c - +0 kite shield
rNeg     . . .     Spirit   .   b - +0 scale mail
rPois    .         Reflect  .   (helmet restricted)
rElec    .         Harm     .   (no cloak)
rCorr    .         Rampage  .   (no gloves)
Will     .....                  (no boots)
Stlth    ..........             f - amulet of the acrobat
HPRegen  0.22/turn              p - +4 ring of evasion
MPRegen  0.10/turn              (no ring)

@: flying, glowing
A: horns 2, retaliatory headbutt
a: Renounce Religion


You were on level 7 of the Dungeon.
You worshipped the Shining One.
The Shining One was noncommittal.
You visited 1 branch of the dungeon, and saw 7 of its levels.

You collected 202 gold pieces.

Inventory:

Hand Weapons
 a - a +0 war axe (weapon)
 j - a +2 whip of flaming
Missiles
 e - 8 boomerangs (quivered)
 i - 6 curare-tipped darts
 m - 2 poisoned darts
Armour
 b - a +0 scale mail (worn)
 c - a +0 kite shield (worn)
Jewellery
 f - an amulet of the acrobat (around neck)
 p - a +4 ring of evasion (left hand)
Wands
 d - a wand of iceblast (13)
Scrolls
 h - a scroll of fog
 q - a scroll of identify
Potions
 g - 2 potions of haste
 k - 2 potions of curing
 l - a potion of berserk rage {unknown}
 n - a potion of lignification {unknown}
 o - a potion of flight


   Skills:
 + Level 8.1 Fighting
 - Level 2.8(3.7) Axes
 + Level 3.6(4.1) Maces & Flails
 + Level 8.1 Armour
 + Level 8.0 Shields


You had 7 spell levels left.
You didn't know any spells.
Your spell library contained the following spells:

 Spells                   Type           Power      Damage    Failure   Level
 Sting                    Tmut/Pois      0%         1d3       96%         1
 Poisonous Vapours        Pois/Air       0%         N/A       99%         2
 Sublimation of Blood     Necr           0%         N/A       99%         2
 Wereblood                Tmut           0%         N/A       99%         2
 Olgreb's Toxic Radiance  Pois           0%         N/A       100%        4
 Summon Hydra             Summ           0%         N/A       100%        7


Dungeon Overview and Level Annotations

Branches:
Dungeon (8/15)
 Temple: D:4-7         Lair: D:8-11

Altars:
Nemelex Xobeh
Okawaru
Sif Muna
The Shining One

Annotations:
D:8 2 transporters, WM2K's ghost, novice MiBe


Innate Abilities, Weirdness & Mutations

You have a pair of horns on your head.
You reflexively headbutt those who attack you in melee.


Message History

You kill the orc!
You hit the manticore. You block the manticore's attack. x2
The manticore claws you but does no damage.
The orc barely misses you.
You barely miss the orc.
The orc is severely wounded.
Your shield prevents you from hitting the manticore.
You block the manticore's attack. The manticore claws you.
The manticore claws you but does no damage.
The orc hits you with a +0 hand axe.
The manticore bites you but does no damage.
The manticore misses you. The manticore claws you.
The orc hits you with a +0 hand axe.
You hit the orc.
You kill the orc!
Your shield prevents you from hitting the manticore.
The manticore bites you! The manticore claws you!
The manticore barely misses you.
You slash the manticore!
The manticore is moderately wounded.
The manticore bites you! The manticore closely misses you.
The manticore claws you. The manticore bites you!!
* * * LOW HITPOINT WARNING * * *
The manticore claws you.
* * * LOW HITPOINT WARNING * * *
The manticore claws you but does no damage.
You feel better. You block the manticore's attack. x3
It was a potion of flight.
You feel very buoyant.
You fly up into the air.
The manticore misses you. The manticore barely misses you.
The manticore claws you but does no damage.
You slash the manticore! Your headbutt misses the manticore.
The manticore is heavily wounded.
The manticore bites you!
* * * LOW HITPOINT WARNING * * *
The manticore claws you.
* * * LOW HITPOINT WARNING * * *
The manticore claws you!
You die...

................
....... ........#
....... ........
....... ......
...>... ... .
....... #.#.#
..=...H###.#.#####
......)@..........
!.....)###.###.###
....... #.# .#
....... ##.###.###
####### #.........
#.........
#.........
#.........
#.........


You could see a manticore.

Vanquished Creatures
  Pikel (D:4)
  Duvessa (D:4)
  A necrophage (D:4)
  A bullfrog (D:8)
  Dowan (D:4)
  2 scorpions (D:4)
  A water moccasin skeleton (D:7)
  4 killer bees (D:8)
  4 wights (D:7)
  2 hounds
  2 jellies
  An orc priest (D:8)
  2 iguanas (D:4)
  4 gnolls (D:4)
  5 adders
  A worm (D:3)
  4 dart slugs
  7 orcs
  4 ball pythons
  8 endoplasms
  3 giant cockroaches
  4 hobgoblins
  4 jackals (D:1)
  8 kobolds
  9 quokkas
  3 bats
  2 frilled lizards
  2 goblins
  4 rats
95 creatures vanquished.

Vanquished Creatures (others)
  5 demonic plants (D:2)
  2 fungi (D:2)
  4 plants (D:2)
11 creatures vanquished.

Grand Total: 106 creatures vanquished

Notes
Turn   | Place    | Note
-------+----------+-------------------------------------------
     0 | D:1      | Destapler the Minotaur Fighter began the quest for the Orb.
     0 | D:1      | Reached XP level 1. HP: 19/19 MP: 0/0
    74 | D:1      | Reached XP level 2. HP: 27/27 MP: 1/1
   729 | D:2      | Reached XP level 3. HP: 33/33 MP: 2/2
   794 | D:2      | Found a faded altar of an unknown god.
  1295 | D:3      | Reached XP level 4. HP: 27/41 MP: 3/3
  1485 | D:3      | Found an iron altar of Okawaru.
  1752 | D:3      | Found a sparkling altar of Nemelex Xobeh.
  2074 | D:4      | Noticed a lemure
  2076 | D:4      | Noticed a necrophage
  2077 | D:4      | Noticed Pikel
  2077 | D:4      | Noticed a lemure
  2077 | D:4      | Noticed a lemure
  2077 | D:4      | Noticed a lemure
  2082 | D:4      | Killed Pikel
  2083 | D:4      | Reached XP level 5. HP: 36/50 MP: 4/4
  2083 | D:4      | Reached XP level 6. HP: 41/57 MP: 5/5
  2083 | D:4      | Reached XP level 7. HP: 46/63 MP: 6/6
  2838 | D:4      | Found a glowing golden altar of the Shining One.
  2849 | D:4      | Became a worshipper of the Shining One
  3049 | D:4      | Noticed Duvessa
  3049 | D:4      | Noticed Dowan
  3055 | D:4      | Killed Duvessa
  3056 | D:4      | Reached skill level 1 in Maces & Flails
  3058 | D:4      | Killed Dowan
  3059 | D:4      | Reached XP level 8. HP: 47/73 MP: 7/7
  3382 | D:5      | Entered Level 5 of the Dungeon
  3464 | D:5      | You fall into a shaft and drop 3 floors!
  3527 | D:8      | Found a transporter.
  3529 | D:8      | Found a transporter.
  3529 | D:8      | Noticed WM2K's ghost (novice MiBe)
  3633 | D:7      | Found a shimmering blue altar of Sif Muna.
  3859 | D:7      | Noticed a manticore
  3867 | D:7      | HP: 1/74 [manticore (5)]
  3867 | D:7      | Mangled by a manticore

Illustrated notes

Levels and vault maps discovered:
D:1:      ebering_hopf_link, layout_basic, minmay_misc_feat_rows,
          minmay_pentomino_r4
D:2:      layout_basic, shapermc_ecumenical_altar_gd, due_unseen_surprise
D:3:      layout_basic, lemuel_doored_altar, nemelex_spade_bored_becter
D:4:      layout_loops_cross, overflow_temple_1_default, minivault_1,
          uniq_pikel, uniq_duvessa
D:5:      layout_loops_ring, nzn_wu_jian_contemplation, serial_shops,
          nicolae_stop_n_shop_2, minmay_manual_mail, uniq_eustachio
D:7:      layout_basic, nicolae_ru_the_path_less_chosen, led_sif_pool,
          minmay_temple_entry_overgrown
D:8:      layout_cave_pools, mainiacjoe_overflow_alcove_2,
          gammafunk_ghost_mausoleum, serial_shops, shop, serial_park_tiny_2

Skill      XL: |  1  2  3  4  5  6  7  8 |
---------------+-------------------------+-----
Fighting       | 4 6 7 8 |  8.1
Armour         | 4 6 7 8 |  8.1
Shields        | 4 6 7 8 |  8.0
Maces & Flails | 1 3 |  3.6
Axes           | |  2.8

Action                   |  1- 3 |  4- 6 |  7- 9 || total
-------------------------+-------+-------+-------++-------
Melee: War axe           |    72 |    24 |   118 ||   214
       Headbutt          |     7 |     3 |    19 ||    29
  Use: Potion            |     2 |     1 |     2 ||     5
       Scroll            |     2 |     1 |       ||     3
Armor: Scale mail        |    30 |    15 |    38 ||    83
Dodge: Dodged            |    25 |    10 |    80 ||   115
Block: Kite shield       |    39 |    13 |    91 ||   143
